 Dungeon Crawl Stone Soup version 0.26.1-11-gd32895ea62 (webtiles) character file.

Game seed: 18069551617644422819

1444 Zeld the Cleaver (level 8, -3/65 (68) HPs)
             Began as a Deep Dwarf Monk on June 6, 2021.
             Was a Believer of Elyvilon.
             Slain by a bullfrog (4 damage)
             ... on level 5 of the Dungeon.
             The game lasted 00:07:24 (4940 turns).

Zeld the Cleaver (Deep Dwarf Monk)                  Turns: 4940, Time: 00:07:24

HP:   -3/65 (68)    AC:  3    Str: 16    XL:     8   Next: 46%
MP:   0/0           EV: 13    Int: 12    God:    Elyvilon [**....]
Gold: 126           SH:  0    Dex: 15    Spells: 7/7 levels left

rFire    . . .     SeeInvis +   a - +0 hand axe
rCold    . . .     Faith    .   (no shield)
rNeg     . . .     Spirit   .   b - +0 robe
rPois    .         Reflect  .   (no helmet)
rElec    .         Harm     .   (no cloak)
rCorr    .         Rampage  .   j - +0 pair of gloves
Will     +....                  (no boots)
Stlth    ++........             (no amulet)
HPRegen  0.00/turn              (no ring)
MPRegen  0.07/turn              z - ring of see invisible

@: non-regenerating, lightly drained
A: damage resistance, heal wounds, sense surroundings 1, no regeneration
a: Heal Wounds, Renounce Religion, Lesser Healing, Heal Other, Divine Protection


You were on level 5 of the Dungeon.
You worshipped Elyvilon.
Elyvilon was pleased with you.
You visited 2 branches of the dungeon, and saw 7 of its levels.

You collected 238 gold pieces.
You spent 112 gold pieces at shops.

Inventory:

Hand Weapons
 a - a +0 hand axe (weapon)
Armour
 b - a +0 robe (worn)
 j - a +0 pair of gloves (worn)
Jewellery
 z - a ring of see invisible (right hand)
Scrolls
 c - a scroll of blinking
 f - 2 scrolls of enchant armour
 g - 2 scrolls of identify
 h - 3 scrolls of remove curse
 r - a scroll of enchant weapon
 u - a scroll of amnesia {unknown}
 v - 2 scrolls of teleportation {unknown}
Potions
 d - 4 potions of haste {unknown}
 e - 2 potions of curing {unknown}
 i - a potion of brilliance {unknown}
 l - 3 potions of heal wounds {unknown}
 s - a potion of ambrosia {unknown}
 w - a potion of lignification {unknown}


   Skills:
 - Level 2.6 Fighting
 * Level 11.7 Axes
 - Level 3.2 Dodging
 - Level 2.4 Stealth


You had 7 spell levels left.
You didn't know any spells.
Your spell library was empty.

Dungeon Overview and Level Annotations

Branches:
Dungeon (6/15)             Temple (1/1) D:4

Altars:
Ashenzari
Cheibriados
Dithmenos
Elyvilon
Fedhas
Gozag
Hepliaklqana
Kikubaaqudgha
Nemelex Xobeh
Okawaru
Qazlal
Ru
Sif Muna
Trog
Uskayaw
Vehumet
Wu Jian
Xom
Yredelemnul
The Shining One

Shops:
D:4 *


Innate Abilities, Weirdness & Mutations

You are resistant to damage.
You can heal yourself by infusing magical energy.
You passively map a small area around you.
You do not regenerate.


Message History

The leopard gecko hisses angrily.
An adder zombie comes into view.
The bullfrog hits you.
* * * LOW HITPOINT WARNING * * *
There is a stone staircase leading up here.
The bullfrog misses you. The bullfrog barely misses you.
You climb upwards.
There is a stone staircase leading down here.
The bullfrog completely misses you.
Your divine protection fades away.
The bullfrog barely misses you. The bullfrog barely misses you.
You hit the bullfrog.
The bullfrog is lightly wounded.
The bullfrog hits you!
* * * LOW HITPOINT WARNING * * *
You hit the bullfrog.
The bullfrog is heavily wounded.
The bullfrog hits you!
You die...

#.### #................... #...#
#.################## #.#.###.#
#........# #. #.#.....#
#.######.####. #.##.#### #.#
#...... ########.##.# #.# #.#[##.
............## #.# ###.#.##.
####.........##### #.# #...#.##.
..........>....F@###'####...#.##.
....[............(......#...#.##.
........................#...#.###
........................###.#.#
.................###.######.#.#
...................#..........#
...................######.#.#####
............####...# #.#......
............# #...# #.#>...(.


You could see a bullfrog.

Vanquished Creatures
  An ice beast (D:5)
  An orc warrior (D:6)
  A sky beast (D:6)
  3 ogres
  2 centaurs (D:5)
  A water moccasin skeleton (D:6)
  2 scorpions (D:4)
  2 howler monkeys
  2 hounds
  An orc wizard (D:4)
  A jelly (D:5)
  An orc priest (D:5)
  2 iguanas (D:4)
  A bullfrog skeleton (D:4)
  2 worker ants
  4 gnolls (D:5)
  9 adders
  A howler monkey skeleton (D:4)
  2 adder skeletons (D:5)
  A dart slug (D:1)
  7 leopard geckos
  19 orcs
  4 giant cockroaches
  8 goblins
  6 hobgoblins
  3 jackals (D:5)
  A quokka (D:3)
  2 ball pythons
  3 frilled lizards
  A jackal skeleton (D:5)
  7 kobolds
  2 quokka skeletons
  A quokka zombie (D:5)
  6 rats
110 creatures vanquished.

Vanquished Creatures (others)
  An orc wizard (D:5)
1 creature vanquished.

Grand Total: 111 creatures vanquished

Notes
Turn   | Place    | Note
-------+----------+-------------------------------------------
     0 | D:1      | Zeld the Deep Dwarf Monk began the quest for the Orb.
     0 | D:1      | Reached XP level 1. HP: 20/20 MP: 1/1
   294 | D:1      | Reached XP level 2. HP: 24/27 MP: 2/2
   377 | D:1      | Reached skill level 4 in Axes
   740 | D:2      | Reached XP level 3. HP: 17/33 MP: 3/3
   936 | D:2      | Reached skill level 5 in Axes
   994 | D:2      | Found a stormy altar of Qazlal.
  1387 | D:3      | Reached XP level 4. HP: 21/40 MP: 4/4
  1479 | D:3      | Noticed an ice beast
  1576 | D:3      | Found a snail-covered altar of Cheibriados.
  1699 | D:3      | Found a blossoming altar of Fedhas.
  1874 | D:3      | Reached skill level 6 in Axes
  1968 | D:4      | Reached XP level 5. HP: 35/46 MP: 5/5
  1996 | D:4      | Found Ociox's General Store.
  2004 | D:4      | Bought 2 scrolls of identify for 56 gold pieces
  2004 | D:4      | Bought a scroll of identify for 28 gold pieces
  2004 | D:4      | Bought a scroll of identify for 28 gold pieces
  2044 | D:4      | Reached skill level 7 in Axes
  2095 | D:4      | Noticed an ogre
  2112 | D:4      | Reached XP level 6. HP: 44/55 MP: 5/5
  2125 | D:4      | Reached skill level 8 in Axes
  2584 | D:4      | Reached XP level 7. HP: 54/61 MP: 2/2
  2658 | D:4      | Found a staircase to the Ecumenical Temple.
  2668 | Temple   | Entered the Ecumenical Temple
  2898 | D:5      | Entered Level 5 of the Dungeon
  2956 | D:5      | Reached skill level 9 in Axes
  3381 | D:5      | Reached skill level 10 in Axes
  3520 | D:5      | Reached XP level 8. HP: 52/68 MP: 2/2
  3724 | D:5      | Reached skill level 11 in Axes
  4589 | Temple   | Became a worshipper of Elyvilon the Healer
  4589 | Temple   | Reached * piety under Elyvilon
  4589 | Temple   | Reached ** piety under Elyvilon
  4939 | D:5      | HP: 1/65 [bullfrog (7)]
  4940 | D:5      | Slain by a bullfrog

Illustrated notes

Levels and vault maps discovered:
D:1:      wander_arrival_lonely_grave, layout_loops_ring
D:2:      layout_loops_ring, nicolae_qazlal_general_emergency,
          minmay_pentomino_s4
D:3:      layout_rooms, lemuel_doored_altar, fedhas_ov_isle_minmay
D:4:      layout_layer_cave, minmay_temple_entry_poolview, serial_glass,
          glass_columns_a, glass_columns_c, minmay_strange_pillars,
          minmay_strange_pillars, feat_on_display, serial_shops, shop
D:5:      minmay_skewed_foursquare, layout_basic
D:6:      layout_basic, uniq_crazy_yiuf_cottage
Temple:   minmay_crystal_spiral_temple

Skill      XL: |  1  2  3  4  5  6  7  8 |
---------------+-------------------------+-----
Axes           | 4 5 6 7 8 10 11 | 11.7
Fighting       | |  2.6
Dodging        | |  3.2
Stealth        | |  2.4

Action                   |  1- 3 |  4- 6 |  7- 9 || total
-------------------------+-------+-------+-------++-------
Melee: Hand axe          |    95 |   183 |   236 ||   514
Invok: Divine Protection |       |       |     1 ||     1
 Abil: Heal Wounds       |     1 |    15 |    17 ||    33
Evoke: Wand              |       |       |    11 ||    11
  Use: Scroll            |       |     7 |     1 ||     8
 Stab: Sleeping          |     6 |     2 |     1 ||     9
Armor: Robe              |    14 |    34 |    36 ||    84
Dodge: Dodged            |    59 |   137 |   163 ||   359
